 Dungeon Crawl Stone Soup version 0.30.1-11-g7821555f0a (webtiles) character file.

Game seed: 13694954011339474271

211 Peloso the Covered (level 5, 0/47 HPs)
             Began as a Minotaur Fighter on Dec 12, 2023.
             Slain by Sigmund
             ... wielding a +0 scythe
              (3 damage)
             ... on level 4 of the Dungeon.
             The game lasted 00:04:22 (2433 turns).

Peloso the Covered (Minotaur Fighter)               Turns: 2433, Time: 00:04:22

Health: 0/47       AC:  9    Str: 20    XL:     5   Next: 57%
Magic:  4/4        EV:  8    Int:  5    God:
Gold:   138        SH:  0    Dex: 12    Spells: 4/4 levels left

rFire   . . .        a - +0 long sword
rCold   . . .        d - +0 buckler
rNeg    . . .        c - +0 chain mail
rPois   .            (helmet restricted)
rElec   .            (no cloak)
rCorr   .            (no gloves)
SInv    .            (no boots)
Will    .....        (no amulet) Stlth
                     (no ring)
HPRegen 0.27/turn    (no ring)
MPRegen 0.09/turn

%: no passive effects
@: confused, mighty
A: horns 2, retaliatory headbutt
a: no special abilities


You were on level 4 of the Dungeon.
You visited 1 branch of the dungeon, and saw 4 of its levels.

You collected 138 gold pieces.

Inventory:

Hand Weapons
 a - a +0 long sword (weapon)
Armour
 b - a +0 scale mail
 c - a +0 chain mail (worn)
 d - a +0 buckler (worn)
Jewellery
 j - a ring of fire
 k - a ring of fire
Scrolls
 e - 3 scrolls of identify {unknown}
 g - 2 scrolls of poison {unknown}
 h - a scroll of acquirement {unknown}
 i - a scroll of silence {unknown}
 l - a scroll of noise {unknown}
 m - a scroll of enchant weapon {unknown}


   Skills:
 + Level 4.5 Fighting
 + Level 4.1 Long Blades
 + Level 5.2 Armour
 + Level 1.9 Dodging
 + Level 4.3 Shields


You had 4 spell levels left.
You didn't know any spells.
Your spell library was empty.

Dungeon Overview and Level Annotations

Branches:
Dungeon (4/15)
 Temple: D:4-7

Altars:
Ashenzari
Fedhas
Gozag

Annotations:
D:4 Sigmund


Innate Abilities, Weirdness & Mutations

You have a pair of horns on your head.
You reflexively headbutt those who attack you in melee.


Message History

You hear some strange, mumbled words.
A puff of flame appears from out of thin air!
The puff of flame hits you but does no damage.
You block the phantom's attack. Something hits you.
* * * LOW HITPOINT WARNING * * *
Unknown command.
You closely miss something.
The phantom hits you but does no damage.
Unknown command.
You hit something. You headbutt something!
The phantom hits you but does no damage.
Something hits you.
* * * LOW HITPOINT WARNING * * *
The phantom hits you but does no damage.
Unknown command.
You closely miss something. Something hits you.
* * * LOW HITPOINT WARNING * * *
The phantom barely misses you. You furiously retaliate!
You headbutt the phantom!
You destroy the phantom!
Your Long Blades skill increases to level 4!
Your Armour skill increases to level 5!
It was a potion of magic.
Magic courses through your body. Something hits you but does no damage.
You slash something!
Unknown command.
You slash something! Something hits you but does no damage.
Unknown command.
You miss something.
You hear some strange, mumbled words.
You are confused.
Unknown command.
Something hits you.
* * * LOW HITPOINT WARNING * * *
Unknown command.
Unknown command.
You're too confused to move!
Something hits you but does no damage.
Unknown command.
Something hits you.
You die...

..........#
..........#####
..............
............
#.........
#......#
#......#
+@.....#.#
#........#
#<.{..##.###.#
#.##....?....#
#.##.###.#####
..##.# #
.#.##.#
#.#.##!. #
#.####


There were no monsters in sight!

Vanquished Creatures
  A phantom (D:4)
  Terence (D:2)
  4 adders
  4 dart slugs
  4 orcs (D:3)
  4 endoplasms
  6 hobgoblins
  10 jackals
  4 quokkas
  8 ball pythons
  5 bats
  A frilled lizard (D:2)
  5 goblins
  5 kobolds
  6 rats
68 creatures vanquished.

Notes
Turn   | Place    | Note
-------+----------+-------------------------------------------
     0 | D:1      | Peloso the Minotaur Fighter began the quest for the Orb.
     0 | D:1      | Reached XP level 1. HP: 19/19 MP: 0/0
   349 | D:1      | Reached XP level 2. HP: 27/27 MP: 1/1
   427 | D:1      | Reached skill level 4 in Armour
  1016 | D:2      | Reached XP level 3. HP: 32/33 MP: 2/2
  1220 | D:2      | Noticed Terence
  1253 | D:2      | Killed Terence
  1254 | D:2      | Reached skill level 1 in Dodging
  1254 | D:2      | Reached XP level 4. HP: 10/40 MP: 3/3
  1390 | D:2      | You fall into a shaft and drop 1 floor!
  1624 | D:3      | Found a faded altar of an unknown god.
  1727 | D:3      | Found a broken altar of Ashenzari.
  1884 | D:3      | Found a blossoming altar of Fedhas.
  1999 | D:3      | Found an opulent altar of Gozag.
  2222 | D:4      | Noticed Sigmund
  2224 | D:4      | Noticed a phantom
  2238 | D:3      | Reached XP level 5. HP: 29/46 MP: 4/4
  2425 | D:4      | HP: 2/46 [something (1)]
  2425 | D:4      | Killed a phantom
  2426 | D:4      | Reached skill level 5 in Armour
  2430 | D:4      | HP: 2/47 [something (1)]
  2433 | D:4      | Slain by Sigmund

Illustrated notes

Levels and vault maps discovered:
D:1:      dpeg_arrival_circle_labyrinth_a, layout_basic, serial_glass,
          glass_columns_b, glass_columns_a
D:2:      layout_loops_cross, serial_forest, infiniplex_forest_clump_small,
          infiniplex_forest_end_2, infiniplex_forest_clump_small,
          infiniplex_forest_lined_corner, infiniplex_forest_lined_room_,
          infiniplex_forest_clump_long, infiniplex_forest_end_1, uniq_terence,
          uniq_robin
D:3:      layout_loops_ring, mainiacjoe_overflow_small_starburst,
          evilmike_ruin_ashenzari, old_standard_altar,
          shapermc_ecumenical_altar_venn
D:4:      layout_basic, mainiacjoe_overflow_chevrons,
          mainiacjoe_overflow_surrounded_room, uniq_sigmund

Skill      XL: |  1  2  3  4  5 |
---------------+----------------+-----
Armour         | 4 5 |  5.2
Shields        | 4 |  4.3
Fighting       | 4 |  4.5
Long Blades    | 3 4 |  4.1
Dodging        | 1 |  1.9

Action                     |  1- 3 |  4- 6 || total
---------------------------+-------+-------++-------
  Melee: Long sword        |   107 |   104 ||   211
         Headbutt          |    13 |    15 ||    28
    Use: Potion            |     3 |     2 ||     5
 Armour: Scale mail        |    68 |     1 ||    69
         Chain mail        |       |    77 ||    77
  Dodge: Dodged            |    69 |    50 ||   119
  Block: Buckler           |    32 |    21 ||    53
